 Dungeon Crawl Stone Soup version 0.31-a0-1370-gf52a5a9ab3 (webtiles) character file.

Game seed: 9838532544423667824

5124 grandjackal the Fighter (level 10, 0/91 HPs)
             Began as a Red Draconian Gladiator on Dec 23, 2023.
             Was an Elder of Okawaru.
             Slain by an orc
             ... wielding a +0 hand axe
              (1 damage)
             ... on level 8 of the Dungeon.
             The game lasted 00:10:32 (7998 turns).

grandjackal the Fighter (Red Draconian Gladiator)   Turns: 7998, Time: 00:10:33

Health: 0/91       AC: 15    Str: 22    XL:     10   Next: 32%
Magic:  15/15      EV: 15    Int: 10    God:    Okawaru [****..]
Gold:   387        SH:  0    Dex: 16    Spells: 9/9 levels left

rFire   + . .        s - +2 long sword (protect)
rCold   . . .        (no shield)
rNeg    . . .        (body armour unavailable)
rPois   .            b - +0 hat
rElec   .            (no cloak)
rCorr   .            (no gloves)
SInv    +            w - +0 pair of boots
Will    .....        (no amulet)
Stlth   +            o - +6 ring of strength
HPRegen 0.35/turn    t - ring of see invisible
MPRegen 0.14/turn

%: no passive effects
@: under a protective aura
A: breathe fire, AC +7, unfitting armour, fire resistance 1, cold-blooded
a: Breathe Fire, Renounce Religion, Heroism, Finesse


You were on level 8 of the Dungeon.
You worshipped Okawaru.
Okawaru was greatly pleased with you.
You visited 2 branches of the dungeon, and saw 10 of its levels.

You collected 563 gold pieces.
You spent 176 gold pieces at shops.

Inventory:

Hand Weapons
 m - the +5 short sword "Disicy Hyli" {holy, Dex+4}
   (You bought it in a shop on level 5 of the Dungeon)

   Dex+4:     It affects your dexterity (+4).
 n - a +2 short sword of draining
 s - a +2 long sword of protection (weapon)
Missiles
 c - 2 throwing nets (quivered)
 d - a javelin
 j - 6 silver javelins
Armour
 b - a +0 hat (worn)
 w - a +0 pair of boots (worn)
 x - a +0 kite shield
Jewellery
 o - a +6 ring of strength (left hand)
 t - a ring of see invisible (right hand)
 D - a ring of willpower
Wands
 a - a wand of acid (7)
 A - a wand of iceblast (29)
Scrolls
 e - 4 scrolls of teleportation
 f - 12 scrolls of identify {unknown}
 h - 4 scrolls of revelation {unknown}
 i - 3 scrolls of poison {unknown}
 k - a scroll of brand weapon {unknown}
 l - a scroll of enchant weapon {unknown}
 q - a scroll of amnesia {unknown}
 y - 3 scrolls of fear {unknown}
 z - 2 scrolls of noise {unknown}
 E - a scroll of vulnerability {unknown}
Potions
 g - 2 potions of degeneration
 p - a potion of invisibility {unknown}
 r - a potion of mutation {unknown}
 u - a potion of magic
 v - a potion of haste
 B - 3 potions of curing
 C - a potion of lignification {unknown}


   Skills:
 + Level 9.1 Fighting
 + Level 8.5 Long Blades
 - Level 2.0 Throwing
 - Level 6.0 Dodging
 + Level 5.3 Shields
 + Level 7.1 Invocations


You had 9 spell levels left.
You didn't know any spells.
Your spell library contained the following spells:

 Spells                   Type           Power      Damage    Failure   Level
 Sigil of Binding         Hex            0%         N/A       75%         3
 Dimensional Bullseye     Hex/Tloc       0%         N/A       98%         4
 Alistair's Intoxication  Alch           0%         N/A       100%        5
 Borgnjor's Vile Clutch   Necr/Erth      0%         N/A       100%        5
 Eringya's Noxious Bog    Alch           0%         4d6       100%        6
 Call Canine Familiar     Summ           Unusable   N/A       N/A         3

Dungeon Overview and Level Annotations

Branches:
Dungeon (9/15)             Temple (1/1) D:5
   Lair: D:8-11         Orc: D:9-12

Altars:
Ashenzari
Cheibriados
Dithmenos
Elyvilon
Fedhas
Gozag
Hepliaklqana
Kikubaaqudgha
Nemelex Xobeh
Okawaru
Qazlal
Ru
Trog
Uskayaw
Vehumet
Wu Jian
Xom
Yredelemnul
Zin
The Shining One

Shops:
D:5 (


Innate Abilities, Weirdness & Mutations

You can breathe blasts of fire.
Your fiery red scales are hard. (AC +7)
You cannot fit into any form of body armour.
Your flesh is heat resistant. (rF+)
You are cold-blooded and may be slowed by cold attacks.


Message History

The orc hits you with a +0 hand axe.
* * * LOW HITPOINT WARNING * * *
The tengu conjurer hits you but does no damage.
The tengu conjurer misses you. The tengu conjurer barely misses you.
The spriggan hits you but does no damage.
You miss the tengu conjurer. You tail-slap the tengu conjurer.
The tengu conjurer is almost dead.
The gnoll hits you with a +0 flail!
* * * LOW HITPOINT WARNING * * *
The orc barely misses you.
The tengu conjurer hits you but does no damage.
The tengu conjurer closely misses you.
The tengu conjurer claws you but does no damage.
The spriggan hits you but does no damage.
You feel better. The gnoll misses you. The orc hits you but does no damage.
The tengu conjurer misses you. The tengu conjurer closely misses you.
The tengu conjurer claws you but does no damage.
The spriggan barely misses you.
You closely miss the tengu conjurer.
The tengu conjurer is almost dead.
The gnoll closely misses you. The orc misses you.
The tengu conjurer closely misses you. The tengu conjurer pecks you.
* * * LOW HITPOINT WARNING * * *
The tengu conjurer barely misses you. The spriggan hits you.
* * * LOW HITPOINT WARNING * * *
You closely miss the tengu conjurer.
The tengu conjurer is almost dead.
The gnoll closely misses you. The orc misses you. The tengu conjurer hits you!
* * * LOW HITPOINT WARNING * * *
The tengu conjurer pecks you.
* * * LOW HITPOINT WARNING * * *
The tengu conjurer closely misses you.
The spriggan hits you but does no damage.
You hit the tengu conjurer but do no damage.
Your weapon exudes an aura of protection.
The tengu conjurer is almost dead.
The gnoll hits you with a +0 flail.
* * * LOW HITPOINT WARNING * * *
The orc hits you with a +0 hand axe.
You die...

.......# #.......###..#.........
.......####........##.##.........
......................##.........
.####............................
.# #...............#####.<......
.# #...............# ##.....## .#
#...............# #.###... .#
#.....#....).[.## #.# ###.
.####..........g@i..######.#####.
...............oQ)...............
<#########..........######.######
.# ##.......*...# #.# # ##
#............# ####.#### #
#...........## #>......# #
#..........## #.......###
#..........# #..........
#..........#####..........


You could see a tengu conjurer, a spriggan, a battlesphere, a gnoll and an orc.

Vanquished Creatures
  A centaur warrior (D:9)
  Maggie (D:6)
  2 trolls (D:9)
  5 yaks (D:9)
  A basilisk (D:9)
  2 water moccasins
  2 orc warriors
  A black bear (D:6)
  An ice beast (D:6)
  A sky beast (D:6)
  A centaur (D:6)
  2 ogres
  A kobold brigand (D:8)
  5 bullfrogs
  A gnoll sergeant (D:7)
  3 scorpions
  9 wights
  4 killer bees (D:6)
  4 howler monkeys
  An electric eel (D:7)
  3 hounds
  An orc priest (D:8)
  A gnoll bouda (D:4)
  An iguana (D:4)
  A sleepcap (D:5)
  6 orc wizards
  12 gnolls
  4 adders
  2 bombardier beetles (D:5)
  2 white imps
  2 ufetubi (D:6)
  19 orcs
  9 endoplasms
  3 giant cockroaches
  7 goblins
  7 hobgoblins
  4 jackals
  5 quokkas
  8 ball pythons
  3 bats
  A frilled lizard (D:2)
  9 kobolds
  5 rats
163 creatures vanquished.

Notes
Turn   | Place    | Note
-------+----------+-------------------------------------------
     0 | D:1      | grandjackal the Draconian Gladiator began the quest for the
                  | Orb.
     0 | D:1      | Reached XP level 1. HP: 17/17 MP: 1/1
    24 | D:1      | Found a faded altar of an unknown god.
   218 | D:1      | Reached XP level 2. HP: 12/25 MP: 2/2
   871 | D:2      | Found a glowing silver altar of Zin.
   931 | D:2      | Reached XP level 3. HP: 30/30 MP: 3/3
  1561 | D:3      | Reached skill level 3 in Fighting
  1847 | D:3      | Reached XP level 4. HP: 27/38 MP: 4/4
  2244 | D:4      | Reached XP level 5. HP: 24/46 MP: 5/5
  2384 | D:4      | Reached skill level 4 in Fighting
  2688 | D:4      | Noticed an ogre
  2708 | D:5      | Entered Level 5 of the Dungeon
  2739 | D:5      | Found a staircase to the Ecumenical Temple.
  2758 | Temple   | Entered the Ecumenical Temple
  2766 | Temple   | Became a worshipper of Warmaster Okawaru
  2798 | D:5      | Noticed a water moccasin
  2815 | D:5      | Killed a water moccasin
  2816 | D:5      | Reached XP level 6. HP: 20/53 MP: 6/6
  3213 | D:5      | Found a glowing silver altar of Zin.
  3241 | D:5      | Reached * piety under Okawaru
  3456 | D:4      | Reached skill level 5 in Fighting
  3456 | D:4      | Reached skill level 5 in Long Blades
  3632 | D:5      | Found Aqonke Tiqi's Antique Weapon Shoppe.
  3636 | D:5      | Bought a twisted short sword for 176 gold pieces
  3636 | D:5      | Identified the +5 short sword "Disicy Hyli" {holy, Dex+4}
                  | (You bought it in a shop on level 5 of the Dungeon)
  3759 | D:4      | Your scales start taking on a fiery red colour.
  3759 | D:4      | Reached XP level 7. HP: 40/61 MP: 7/7
  3759 | D:4      | Gained mutation: Your flesh is heat resistant. (rF+) [Red
                  | Draconian growth]
  3879 | D:4      | Found a bloodstained altar of Trog.
  3885 | D:4      | Found an ornate altar of the Wu Jian Council.
  4016 | D:6      | Reached skill level 5 in Dodging
  4016 | D:6      | Reached skill level 1 in Invocations
  4348 | D:6      | Reached ** piety under Okawaru
  4436 | D:6      | Reached skill level 6 in Fighting
  4436 | D:6      | Reached XP level 8. HP: 55/70 MP: 9/9
  4711 | D:6      | Noticed Maggie
  4719 | D:6      | Killed Maggie
  4774 | D:6      | Reached *** piety under Okawaru
  5294 | D:6      | Reached skill level 7 in Fighting
  5294 | D:6      | Reached skill level 1 in Shields
  5613 | D:7      | Reached XP level 9. HP: 69/73 MP: 12/12
  6031 | D:7      | Reached skill level 5 in Invocations
  6190 | D:7      | Reached **** piety under Okawaru
  6926 | D:8      | Reached skill level 8 in Fighting
  7303 | D:9      | Noticed a troll
  7310 | D:9      | Killed a troll
  7406 | D:9      | Reached XP level 10. HP: 74/90 MP: 14/14
  7659 | D:9      | Noticed a centaur warrior
  7887 | D:9      | Killed a centaur warrior
  7888 | D:9      | Reached skill level 9 in Fighting
  7888 | D:9      | Reached skill level 5 in Shields
  7997 | D:8      | HP: 3/91 [tengu conjurer (4)]
  7998 | D:8      | HP: 1/91 [gnoll/+0 flail[a gnoll sergeant] (3)]
  7998 | D:8      | Slain by an orc

Illustrated notes

Levels and vault maps discovered:
D:1:      shiori_arrival_oz, layout_basic, ebering_ecumenical_altar_petrified,
          minmay_pentomino_q4
D:2:      layout_basic, basic_altar
D:3:      layout_rooms, amcnicky_mini_corridor_feature
D:4:      layout_rooms, jmf_multi_god_temple
D:5:      layout_rooms, mainiacjoe_overflow_concentric_impassable,
          temple_doors_e, serial_shops, nicolae_shop_back_alley_shop
D:6:      layout_gridville, ebering_dispersal_statue_hall, sigmund_army,
          uniq_maggie
D:7:      layout_rooms, kennysheep_potato
D:8:      layout_rooms
D:9:      minmay_cut_squares, layout_cave_pools,
          mainiacjoe_overflow_divided_tiny, kennysheep_big_empty_room,
          st_stairs_8
Temple:   sentei_temple_godly_chess

Skill      XL: |  1  2  3  4  5  6  7  8  9 10 |
---------------+-------------------------------+-----
Throwing       | 2 |  2.0
Dodging        | 3 4 5 6 |  6.0
Fighting       | 3 4 5 6 7 8 9 |  9.1
Long Blades    | 4 5 6 8 |  8.5
Invocations    | 2 4 6 7 |  7.1
Shields        | 1 4 5 |  5.3

Action                     |  1- 3 |  4- 6 |  7- 9 | 10-12 || total
---------------------------+-------+-------+-------+-------++-------
  Melee: Long sword        |   132 |   119 |   279 |    43 ||   573
         Tailslap          |    14 |    28 |    42 |     8 ||    92
         Short sword       |       |    47 |       |       ||    47
         Punch             |       |     1 |     9 |       ||    10
  Throw: Throwing net      |       |     1 |       |       ||     1
 Invoke: Heroism           |       |       |       |     1 ||     1
Ability: Breathe Fire      |       |       |    11 |     3 ||    14
    Use: Potion            |       |     2 |     3 |     1 ||     6
         Scroll            |       |       |     1 |       ||     1
   Stab: Sleeping          |     3 |       |     2 |       ||     5
         Distracted        |       |     1 |       |       ||     1
         Held in net/web   |       |     1 |       |       ||     1
 Armour: Skin              |    69 |    88 |   223 |    87 ||   467
  Dodge: Dodged            |    88 |   124 |   297 |    69 ||   578

Table legend: (Time is in decaauts)
 A = Elapsed time spent in this place.
 B = Non-inter-level travel time spent in this place.
 C = Inter-level travel time spent in this place.
 D = Time resting spent in this place.
 E = Time spent auto-exploring this place.
 F = Levels seen in this place.
 G = Mean time per level.
                   A        B        C        D        E       F      G
               +--------+--------+--------+--------+--------+-----+--------+
         Total |   8061 |   7780 |    281 |   1857 |   4356 |  10 |  806.1 |
       Dungeon |   8044 |   7763 |    281 |   1857 |   4356 |   9 |  893.8 |
        Temple |     16 |     16 |      0 |      0 |      0 |   1 |   16.0 |
               +--------+--------+--------+--------+--------+-----+--------+

Top non-repeatable levels by time:
     D:6: 1572 daAuts
     D:5: 1012 daAuts
     D:8: 1010 daAuts
     D:4: 963 daAuts
     D:2: 837 daAuts
     D:7: 787 daAuts
     D:1: 739 daAuts
     D:3: 680 daAuts
     D:9: 441 daAuts
  Temple: 16 daAuts
